 Dungeon Crawl Stone Soup version 0.28.0-53-g5a82cb258f (webtiles) character file.

Game seed: 1485163187695440415

529 ZappyNine the Shield-Bearer (level 7, 0/37 HPs)
             Began as a Vine Stalker Fighter on June 30, 2022.
             Slain by a gnoll
             ... wielding a +1 vorpal halberd
              (3 damage)
             ... on level 4 of the Dungeon.
             The game lasted 00:03:55 (3177 turns).

ZappyNine the Shield-Bearer (Vine Stalker Fighter)  Turns: 3177, Time: 00:03:57

Health: 0/37       AC: 16    Str: 21    XL:     7   Next: 23%
Magic:  0/8        EV:  5    Int:  8    God:
Gold:   57         SH:  5    Dex: 13    Spells: 6/6 levels left

rFire   . . .      SeeInvis .   a - +0 rapier
rCold   . . .      Faith    .   c - +0 buckler
rNeg    . . .      Spirit   +   l - +0 plate armour
rPois   .          Reflect  .   j - +0 helmet
rElec   .          Harm     .   s - +0 cloak
rCorr   .          Rampage  .   f - +0 pair of gloves
Will    .....                   i - +0 pair of boots
Stlth   ..........              (no amulet)
HPRegen 0.92/turn               (no ring)
MPRegen 0.11/turn               (no ring)

@: mighty
A: fangs 2, regeneration 1, magic shield, antimagic bite, no potion heal 2
a: no special abilities


You were on level 4 of the Dungeon.
You visited 1 branch of the dungeon, and saw 4 of its levels.

You collected 57 gold pieces.

Inventory:

Hand Weapons
 a - a +0 rapier (weapon)
Armour
 b - a +0 scale mail
 c - a +0 buckler (worn)
 f - a +0 pair of gloves (worn)
 i - a +0 pair of boots (worn)
 j - a +0 helmet (worn)
 l - a +0 plate armour (worn)
 s - a +0 cloak (worn)
Jewellery
 m - a ring of protection from cold
 q - a ring of fire
Scrolls
 e - a scroll of fog {unknown}
 g - 4 scrolls of teleportation {unknown}
 n - 2 scrolls of magic mapping {unknown}
 p - 4 scrolls of identify {unknown}
 r - a scroll of blinking {unknown}
 t - a scroll of vulnerability {unknown}
 u - a scroll of fear {unknown}
Potions
 h - a potion of brilliance {unknown}
 k - 2 potions of berserk rage {unknown}
 o - a potion of resistance {unknown}
 v - a potion of lignification {unknown}


   Skills:
 + Level 4.2 Fighting
 + Level 3.7 Short Blades
 + Level 3.9 Armour
 + Level 4.3 Shields


You had 6 spell levels left.
You didn't know any spells.
Your spell library contained the following spells:

 Spells                   Type           Power      Damage    Failure   Level
 Beastly Appendage        Tmut           0%         N/A       100%        1
 Wereblood                Tmut           0%         N/A       100%        2
 Spider Form              Tmut/Pois      0%         N/A       100%        3
 Fulminant Prism          Conj/Hex       0%         3d6       100%        4
 Iskenderun's Mystic Bla  Conj/Tloc      0%         2d3       100%        4
 Lee's Rapid Deconstruct  Erth           0%         3d5*      100%        5


Dungeon Overview and Level Annotations

Branches:
Dungeon (4/15)
 Temple: D:4-7

Altars:
Gozag
Zin

Shops:
D:1 !?((   D:2 *

Annotations:
D:2 1 runed translucent door, Crazy Yiuf
D:4 Robin


Innate Abilities, Weirdness & Mutations

You have extremely sharp teeth.
Your natural rate of healing is unusually fast.
When hurt, damage is shared between your health and your magic reserves.
Your bite disrupts and absorbs the magic of your enemies.
Potions cannot restore your health.


Message History

The adder skeleton bites you but does no damage.
The orc hits you with a +4 flail!
* * * LOW HITPOINT WARNING * * *
The hobgoblin hits you but does no damage.
Unknown command.
You closely miss the goblin. The gnoll hits you but does no damage.
The goblin hits you but does no damage. The goblin barely misses you.
Robin hits you but does no damage.
The adder skeleton bites you but does no damage.
The orc hits you but does no damage. The hobgoblin hits you.
* * * LOW HITPOINT WARNING * * *
Unknown command.
You closely miss the adder skeleton. The gnoll closely misses you.
The goblin hits you with a +0 dagger.
* * * LOW HITPOINT WARNING * * *
The goblin hits you but does no damage. Robin hits you with a +0 short sword.
* * * LOW HITPOINT WARNING * * *
The adder skeleton bites you but does no damage.
The orc hits you with a +4 flail.
* * * LOW HITPOINT WARNING * * *
The hobgoblin hits you but does no damage.
The gnoll hits you but does no damage.
The goblin hits you but does no damage. x2
Unknown command.
You puncture the adder skeleton!
The adder skeleton is almost destroyed.
The adder skeleton bites you but does no damage.
Robin zaps a wand.
The puff of flame hits you!
* * * LOW HITPOINT WARNING * * *
You block the orc's attack.
The hobgoblin hits you but does no damage.
You block the gnoll's attack. The goblin hits you but does no damage.
The adder skeleton barely misses you. The goblin barely misses you.
Unknown command.
You puncture the adder skeleton!
You destroy the adder skeleton!
You block Robin's attack. The orc hits you with a +4 flail.
* * * LOW HITPOINT WARNING * * *
The hobgoblin hits you but does no damage.
The gnoll hits you from afar with a +1 vorpal halberd.
You die...

.........................
.......(.................
......................###
......................#
......................#
......................# #
......................# #
.......)gg....).......# #
........@o............###
.......)gg......).<.....#
..........g........g..#.#
......................#.#
........................#
......................###
....................(...
.....................###
.......................


You could see Robin, a gnoll, an orc, a hobgoblin and 2 goblins.

Vanquished Creatures
  Sigmund (D:2)
  A black bear (D:3)
  A gnoll shaman (D:4)
  2 orc priests
  2 orc wizards (D:3)
  3 adders (D:2)
  2 gnolls
  An adder skeleton (D:4)
  A worm (D:2)
  2 dart slugs
  3 orcs (D:3)
  10 endoplasms
  4 giant cockroaches
  13 goblins
  11 hobgoblins
  4 jackals (D:2)
  2 quokkas
  6 ball pythons
  6 bats
  3 frilled lizards
  8 kobolds
  A quokka zombie (D:3)
  6 rats
93 creatures vanquished.

Vanquished Creatures (others)
  5 fungi (D:1)
  5 plants (D:1)
10 creatures vanquished.

Grand Total: 103 creatures vanquished

Notes
Turn   | Place    | Note
-------+----------+-------------------------------------------
     0 | D:1      | ZappyNine the Vine Stalker Fighter began the quest for the
                  | Orb.
     0 | D:1      | Reached XP level 1. HP: 11/11 MP: 2/2
   264 | D:1      | Reached XP level 2. HP: 16/16 MP: 3/3
   377 | D:1      | Found Ucwuruets's Magic Scroll Boutique.
   570 | D:1      | Found Gumikub's Antique Weapon Boutique.
   622 | D:1      | Reached XP level 3. HP: 20/20 MP: 4/4
   715 | D:1      | Found a faded altar of an unknown god.
  1069 | D:1      | Found Odwifio's Weapon Emporium.
  1160 | D:1      | Found Zalor's Distillery.
  1414 | D:2      | Gained mutation: Your natural rate of healing is unusually
                  | fast. [Vine Stalker growth]
  1414 | D:2      | Reached XP level 4. HP: 24/24 MP: 5/5
  1427 | D:2      | Found Ajiosul's Assorted Antiques.
  1621 | D:2      | Found a runed translucent door.
  1622 | D:2      | Noticed Crazy Yiuf
  1687 | D:2      | Noticed Sigmund
  1700 | D:2      | Killed Sigmund
  1701 | D:2      | Reached XP level 5. HP: 29/29 MP: 6/6
  1701 | D:2      | Reached XP level 6. HP: 33/33 MP: 7/7
  1727 | D:2      | Found an opulent altar of Gozag.
  2594 | D:3      | Found a glowing silver altar of Zin.
  3031 | D:4      | Noticed a black bear
  3036 | D:4      | Noticed Robin
  3058 | D:3      | Killed a black bear
  3059 | D:3      | Reached XP level 7. HP: 29/37 MP: 5/8
  3177 | D:4      | Slain by a gnoll

Illustrated notes

Levels and vault maps discovered:
D:1:      dpeg_arrival_snail, layout_basic, serial_forest,
          infiniplex_forest_lined_3, infiniplex_forest_straight_1,
          infiniplex_forest_clump_long, infiniplex_forest_clump_curved,
          infiniplex_forest_clump_small, infiniplex_forest_lined_room_2,
          serial_shops, shop, shop, nicolae_shop_stone, nicolae_shop_waterfront,
          shapermc_ecumenical_altar_mp_urbaneastern,
          ebering_dispersal_statue_hall, minmay_unequal
D:2:      layout_loops_cross, serial_shops, nicolae_lakefront_shop,
          kennysheep_nub, kennysheep_flooded_box, uniq_crazy_yiuf_cottage,
          uniq_sigmund
D:3:      minmay_angry_zag, layout_loops_ring,
          mainiacjoe_overflow_six_doors_small, minivault_24
D:4:      layout_basic, mainiacjoe_overflow_catwalk, yredelemnul_altar_generic,
          mainiacjoe_overflow_catwalk_spiral,
          minmay_temple_entry_enclosed_plants, uniq_robin

Skill      XL: |  1  2  3  4  5  6 |
---------------+-------------------+-----
Short Blades   | 2 3 |  3.7
Fighting       | 3 4 |  4.2
Shields        | 3 4 |  4.3
Armour         | 3 |  3.9

Action                   |  1- 3 |  4- 6 |  7- 9 || total
-------------------------+-------+-------+-------++-------
Melee: Rapier            |    78 |   170 |    26 ||   274
       Bite              |    18 |    41 |     8 ||    67
  Use: Potion            |       |       |     1 ||     1
Armor: Scale mail        |    29 |       |       ||    29
       Plate armour      |     7 |   128 |    77 ||   212
Dodge: Dodged            |    32 |    55 |    22 ||   109
Block: Buckler           |    11 |    41 |    23 ||    75
